Map: Shipwrecked LE

Players

Wedzmin

  • Race: Terran Terran
  • Spawn Location: 5:00

Cerbero

  • Race: Terran Terran
  • Spawn Location: 5:00

nopanic

  • Race: Protoss Protoss
  • Spawn Location: 6:00

gavi

  • Race: Protoss Protoss
  • League: Bronze
  • Spawn Location: 3:00

Forgoth

  • Race: Protoss Protoss
  • Spawn Location: 11:00

кот

  • Race: Terran Terran
  • Spawn Location: 9:00

MooEsqoo

  • Race: Zerg Zerg
  • Spawn Location: 9:00

СерёжаQWER

  • Race: Protoss Protoss
  • Spawn Location: 12:00

VOD

Have the link to the VOD?

Description

Time

  • Played on: Dec. 22, 2019, 6:38 a.m.
  • Length: 7:19
Show
View Real Time Build Order
Export as new Build Order

Wedzmin Terran 

Build Orders: 2 Factory 

Get SALT Encoding   

  12  0:02  SCV  
  13  0:18  SCV  
  14  0:23  Supply Depot  
  14  0:30  SCV  
  15  0:37  Refinery  
  15  0:52  Barracks  
  15  0:58  SCV  
  15  1:03  Refinery  
  16  1:10  SCV  
  17  1:22  SCV  
  18  1:34  SCV  
  18  1:39  Supply Depot  
  19  1:46  SCV  
  20  1:58  SCV  
  21  2:02  Supply Depot  
  21  2:05  Factory  
  21  2:10  SCV  
  22  2:18  Marine  
  22  2:22  SCV  
  24  2:34  SCV  
  24  2:36  Marine  
  26  2:43  Engineering Bay  
  26  2:46  SCV  
  27  2:52  Factory  
  27  2:53  Factory Tech Lab  
  27  3:00  SCV  
  28  3:12  SCV  
  29  3:21  Missile Turret  
  29  3:33  Orbital Command  
  29  3:35  Siege Tank  
  32  3:53  Missile Turret  
  32  3:56  Factory Reactor  
  32  4:03  Supply Depot  
  32  4:07  Siege Tank  
  35  4:12  Hi-Sec Auto Tracking  
  35  4:14  Missile Turret  
  35  4:25  Supply Depot  
  35  4:36  Missile Turret  
  35  4:40  Siege Tank  
  38  4:47  Supply Depot  
  38  4:51  Barracks Tech Lab  
  38  5:05  Widow Mine x2  
  42  5:12  Siege Tank  
  45  5:26  Widow Mine x2  
  49  5:41  Supply Depot  
  49  5:44  Siege Tank  
  49  5:47  Widow Mine  
  49  5:48  Widow Mine  
  49  5:49  Command Center  
  56  6:05  Supply Depot  
  56  6:09  Widow Mine  
  58  6:19  Siege Tank  
  61  6:26  Refinery  
  61  6:28  Supply Depot  
  61  6:38  Armory  
  61  6:42  SCV  
  61  6:46  Widow Mine x2  
  66  6:52  Refinery  
  66  6:54  SCV  
  67  7:06  SCV  
Show
View Real Time Build Order
Export as new Build Order

Cerbero Terran 

Build Orders:  

Get SALT Encoding   

  12  0:25  SCV  
  12  0:26  Supply Depot  
  13  0:37  SCV  
  14  0:49  SCV  
  15  0:55  Barracks  
  15  1:01  SCV  
  16  1:13  SCV  
  16  1:16  Supply Depot  
  17  1:25  SCV  
  18  1:37  SCV  
  19  1:44  Barracks  
  19  1:47  Refinery  
  19  1:49  SCV  
  19  1:52  Marine  
  21  2:01  SCV  
  22  2:10  Marine  
  22  2:13  SCV, Refinery  
  24  2:26  SCV  
  24  2:28  Marine  
  26  2:38  SCV  
  27  2:46  Marine  
  27  2:47  Barracks  
  27  2:50  SCV  
  29  3:36  Marine  
  29  3:37  Marine  
  29  3:38  Engineering Bay  
  31  3:47  Command Center  
  31  4:09  Factory  
  31  4:26  Supply Depot  
  31  4:29  Supply Depot  
  31  4:31  Supply Depot  
  31  4:32  Supply Depot  
  31  4:47  Marine x3  
  31  4:51  Supply Depot  
  34  4:55  Supply Depot  
  34  4:56  Supply Depot  
  34  5:03  Refinery  
  34  5:28  SCV  
  34  5:29  Refinery  
Show
View Real Time Build Order
Export as new Build Order

nopanic Protoss 

Build Orders:  

Get SALT Encoding   

  12  0:11  Assimilator  
  12  0:20  Pylon  
  12  0:33  Probe  
  13  0:40  Gateway  
  13  0:47  Assimilator  
  13  0:52  Probe  
  14  1:04  Probe (Chrono Boost)  
  15  1:16  Probe (Chrono Boost)  
  16  1:32  Cybernetics Core  
  16  1:37  Pylon  
  16  1:40  Probe  
  17  1:52  Probe  
  18  2:17  Stargate  
  18  2:18  Stargate  
  18  2:35  Probe (Chrono Boost)  
  19  3:03  Void Ray  
  19  3:04  Void Ray  
  27  3:11  Assimilator  
  27  3:21  Pylon  
  27  3:47  Void Ray  
  31  4:02  Void Ray  
  35  4:14  Pylon  
  35  4:38  Void Ray  
  39  4:56  Void Ray  
  43  5:18  Forge  
  43  5:22  Pylon  
  43  5:23  Void Ray  
  43  5:24  Pylon  
  47  5:53  Stargate  
  47  5:55  Stargate  
  47  5:57  Pylon  
  47  6:19  Void Ray  
  51  6:32  Void Ray  
Show
View Real Time Build Order
Export as new Build Order

gavi Protoss 

Build Orders:  

Get SALT Encoding   

  12  0:15  Pylon  
  12  0:21  Probe (Chrono Boost)  
  13  0:31  Probe (Chrono Boost)  
  14  0:49  Forge  
  14  0:52  Gateway  
  14  1:03  Pylon  
  14  1:15  Probe (Chrono Boost)  
  15  1:24  Photon Cannon  
  16  1:25  Probe (Chrono Boost)  
  16  1:48  Photon Cannon  
  16  1:56  Cybernetics Core  
  16  2:05  Probe, Pylon  
  17  2:17  Probe  
  19  2:30  Probe  
  19  2:55  Assimilator  
  19  2:58  Assimilator  
  19  3:08  Photon Cannon  
  19  3:12  Photon Cannon  
  19  3:14  Shield Battery  
  18  3:38  Nexus  
  18  4:13  Probe (Chrono Boost)  
  19  4:24  Probe (Chrono Boost)  
  20  4:28  Probe (Chrono Boost)  
  21  4:39  Probe  
  22  5:12  Robotics Facility  
  22  5:23  Stargate  
  22  5:26  Stargate  
  22  5:27  Stargate  
  22  5:34  Stargate  
  22  5:40  Probe  
  23  5:46  Assimilator  
  23  5:50  Assimilator  
  23  5:52  Probe  
  24  6:04  Probe  
  25  6:16  Probe  
  25  6:17  Nexus  
  26  6:24  Void Ray x3  
  38  6:28  Probe (Chrono Boost)  
  40  6:40  Probe (Chrono Boost)  
  40  6:45  Probe (Chrono Boost)  
  41  6:54  Probe  
  42  7:07  Probe  
Show
View Real Time Build Order
Export as new Build Order

Forgoth Protoss 

Build Orders:  

Get SALT Encoding   

  12  0:02  Probe  
  13  0:14  Probe  
  14  0:26  Probe  
  15  0:34  Assimilator  
  15  0:40  Pylon  
  15  0:56  Pylon  
  15  0:58  Probe (Chrono Boost)  
  16  1:08  Probe (Chrono Boost)  
  16  1:09  Gateway  
  17  1:11  Gateway  
  17  1:18  Probe  
  17  1:21  Assimilator  
  18  1:30  Probe  
  19  1:42  Probe  
  20  1:54  Probe  
  21  2:09  Forge  
  21  2:15  Cybernetics Core  
  21  2:24  Pylon  
  21  2:25  Probe  
  22  2:37  Probe  
  23  2:44  Protoss Shields Level 1  
  23  2:49  Probe  
  23  3:14  Zealot  
  23  3:15  Zealot  
  27  3:24  Photon Cannon  
  27  3:29  Gateway  
  27  3:40  Stargate  
  27  3:49  Stargate  
  27  4:05  Zealot  
  27  4:06  Zealot  
  31  4:29  Pylon  
  31  4:36  Pylon  
  31  4:47  Zealot  
  31  4:48  Zealot  
  31  4:51  Protoss Air Weapons Level 1  
  35  4:52  Protoss Ground Weapons Level 1  
  35  5:06  Twilight Council  
  35  5:17  Zealot  
  37  5:36  Fleet Beacon  
  37  5:48  Pylon  
  37  5:57  Zealot  
  37  5:58  Zealot  
  37  5:59  Zealot  
  37  6:02  Pylon  
  43  6:16  Stargate  
  43  6:27  Photon Cannon  
  43  6:30  Zealot  
  43  6:31  Zealot  
Show
View Real Time Build Order
Export as new Build Order

кот Terran 

Build Orders:  

Get SALT Encoding   

  12  0:03  SCV  
  13  0:15  SCV  
  14  0:22  Supply Depot  
  14  0:50  SCV, Barracks  
  14  0:55  Refinery  
  15  1:02  SCV  
  16  1:14  SCV  
  17  1:26  SCV  
  18  1:37  Supply Depot  
  18  1:38  SCV  
  19  1:51  SCV  
  20  1:55  Command Center  
  20  2:02  Barracks Tech Lab  
  20  2:04  Supply Depot  
  20  2:06  SCV  
  21  2:18  Orbital Command  
  20  2:34  Factory  
  20  2:55  SCV, Refinery  
  21  3:07  SCV  
  22  3:34  Starport, Siege Tank  
  22  3:37  SCV  
  26  3:47  Command Center  
  26  3:49  SCV  
  27  4:23  Siege Tank  
  30  4:39  SCV  
  31  4:48  Engineering Bay  
  31  4:52  Starport Tech Lab  
  31  4:55  Siege Tank  
  34  5:31  Orbital Command  
  34  5:35  SCV  
  35  5:47  SCV  
  36  5:51  Sensor Tower  
  36  5:57  Orbital Command  
  25  6:48  Starport  
  25  6:53  Starport  
  25  7:08  Missile Turret  
  25  7:10  Refinery  
Show
View Real Time Build Order
Export as new Build Order

MooEsqoo Zerg 

Build Orders: Hatch First 

Get SALT Encoding   

  12  0:03  Drone  
  13  0:13  Overlord  
  13  0:18  Drone  
  14  0:31  Drone  
  14  0:32  Drone  
  16  0:36  Drone  
  17  0:49  Drone  
  18  1:00  Hatchery  
  17  1:07  Extractor  
  17  1:09  Drone x2  
  18  1:18  Drone  
  19  1:26  Spawning Pool  
  19  1:29  Drone  
  19  1:57  Drone x2  
  21  2:05  Overlord  
  21  2:15  Queen x2  
  25  2:17  Metabolic Boost  
  25  2:19  Zergling x2  
  26  2:33  Roach Warren  
  26  2:36  Zergling x4  
  27  2:47  Zergling x8  
  30  3:08  Zergling x4, Drone x2  
  34  3:17  Drone x2, Extractor  
  35  3:26  Overlord  
  35  3:42  Drone  
  35  3:43  Overlord x2  
  35  3:44  Queen  
  35  3:45  Overlord  
  38  4:06  Hatchery  
  37  4:10  Roach  
  37  4:11  Roach  
  41  4:17  Drone x2  
  41  4:20  Roach  
  45  4:48  Roach x2  
  45  4:49  Roach x2  
  45  4:50  Roach x2  
  45  4:52  Drone x2  
  59  5:15  Ravager x2  
  59  5:19  Ravager  
  59  5:20  Roach  
  64  5:22  Drone x5  
  64  5:23  Drone  
  70  5:28  Overlord  
  70  5:30  Overlord  
  70  5:32  Overlord x2  
  70  5:48  Lair  
  70  5:57  Evolution Chamber  
  70  5:59  Evolution Chamber, Extractor  
  70  6:03  Drone x6  
  73  6:33  Queen  
  73  6:38  Queen  
Show
View Real Time Build Order
Export as new Build Order

СерёжаQWER Protoss 

Build Orders: Cannon Rush 

Get SALT Encoding   

  12  0:08  Probe  
  13  0:20  Probe (Chrono Boost)  
  14  0:22  Pylon  
  14  0:32  Probe (Chrono Boost)  
  15  0:40  Probe (Chrono Boost)  
  16  0:48  Probe  
  17  0:52  Forge  
  17  1:08  Gateway  
  17  1:16  Gateway  
  17  1:29  Photon Cannon  
  17  1:30  Photon Cannon  
  17  1:45  Photon Cannon  
  17  1:51  Photon Cannon  
  17  2:05  Probe, Pylon  
  18  2:17  Probe  
  19  2:24  Assimilator  
  19  2:27  Assimilator  
  19  2:29  Probe  
  20  2:41  Probe  
  21  2:51  Pylon  
  21  2:53  Probe  
  22  2:58  Pylon  
  22  3:01  Pylon  
  22  3:07  Photon Cannon  
  22  3:11  Photon Cannon  
  22  3:19  Photon Cannon  
  22  3:41  Probe  
  23  4:03  Pylon  
  23  4:12  Photon Cannon  
  23  4:17  Photon Cannon  
  23  4:28  Cybernetics Core  
  23  4:34  Photon Cannon  
  23  4:45  Photon Cannon x2  
  23  4:50  Photon Cannon  
  23  4:52  Photon Cannon  
  23  5:18  Robotics Facility  
  23  5:23  Twilight Council  
  23  5:29  Stargate  
  23  5:43  Stargate  
  23  5:48  Pylon  
  23  5:54  Pylon  
  23  6:15  Observer  
  24  6:26  Nexus  
  24  6:36  Observer  
  29  6:57  Observer  
Tags
 
Add a new tag
Caveats
  • Supply blocks, unpowered buildings, or Contaminate may cause inaccurate times.
  • Supply counts are checked every 10 seconds.